AoeStats
← Eisemania

Nomad

509885268Analyzed
2v2 RM · 5d ago on Sep 28, 2026· 50m 1s· 4 players
Game mode
Random Map
Map size
176×176
Population
200
Speed
Normal
Resources
Standard
Victory
Conquest
Starting age
Dark Age
Ending age
Imperial Age
RankedLock teamsTeams togetherTeam positionsShared explorationLock speedFull tech treeHidden civsTurbo modeCheats
Victory
Defeat
🇩🇪 Burmese · Germany
1190
+15
🇩🇪 Celts · Germany
1122
+18
🇦🇷 Varangians · Argentina
1181
-17
🇪🇸 Franks · Spain
1163
-16
Seelenreiniger
5:39 Loom
12:30 Feudal Age
16:51 Castle Age
22:11 Wheelbarrow
23:15 Stone Mining
27:56 Ballistics
27:34 Fletching
27:45 Horse Collar
35:34 Gold Mining
36:10 Heavy Plow
39:18 Imperial Age
38:03 Bloodlines
37:53 Husbandry
38:51 Padded Archer Armor
38:46 Bodkin Arrow
40:24 Conscription
40:33 Parthian Tactics
41:25 Chemistry
40:30 Elite Arambai
44:25 Conscription
Eisemania
12:24 Feudal Age
16:41 Castle Age
17:24 Stone Mining
19:16 Wheelbarrow
19:40 Double-Bit Axe
23:06 Bow Saw
22:39 Horse Collar
25:06 Heavy Plow
26:21 Hand Cart
32:33 Scale Mail Armor
34:20 Gold Mining
38:20 Imperial Age
38:35 Chain Mail Armor
39:07 Elite Woad Raider
40:13 Conscription
45:55 Plate Mail Armor
Olkem
3:02 Loom
13:45 Feudal Age
14:15 Town Watch
14:18 Double-Bit Axe
14:25 Gold Mining
20:13 Castle Age
18:35 Scale Barding Armor
18:40 Forging
19:34 Wheelbarrow
18:50 Fishing Lines
20:15 Fletching
21:52 Husbandry
25:12 Squires
25:08 Pikeman
25:51 Scale Mail Armor
26:59 Gold Shaft Mining
37:24 Imperial Age
36:42 Arson
37:41 Iron Casting
37:22 Chain Mail Armor
38:25 Murder Holes
39:53 Masonry
40:31 Conscription
42:52 Ballistics
42:24 Elite Throwing Axeman
42:27 Ordonnance Companies
SOG.Vexon
5:03 Loom
14:14 Feudal Age
14:47 Double-Bit Axe
21:10 Castle Age
19:38 Stone Mining
21:41 Fishing Lines
22:47 Gold Mining
23:37 Stone Shaft Mining
24:18 Bow Saw
27:47 Forging
29:40 Bloodlines
30:39 Horse Collar
32:41 Husbandry
32:59 Heavy Plow
33:36 Iron Casting
33:09 Gillnets
34:10 Gold Mining
34:41 Scale Barding Armor
34:22 Light Cavalry
35:55 Ballistics
35:17 Treadmill Crane
36:51 Wheelbarrow
39:55 Imperial Age
39:05 Hand Cart
39:21 Chain Barding Armor
39:37 Fletching
40:55 Elite Jarl
42:50 Blast Furnace
42:14 Conscription
43:56 Bodkin Arrow
44:57 Bracer
45:35 Plate Barding Armor
46:08 Bracer
48:46 Masonry
Connection lost

Rejoining the realm…

Still unreachable

The connection could not be restored.

Session expired

The server has moved on; the page needs a fresh start.